 Dungeon Crawl Stone Soup version 0.20-a0-1078-g4874019 (webtiles) character file.

1780637 Angani the Heavyweight Champion (level 27, 282/282 HPs)
             Began as a Troll Hunter on Apr 30, 2017.
             Was the Champion of Wu Jian.
             Escaped with the Orb
             ... and 3 runes!
             The game lasted 04:37:42 (70477 turns).

Angani the Heavyweight Champion (Troll Hunter)     Turns: 70477, Time: 04:37:43

Health: 282/282    AC: 33    Str: 35    XL:     27
Magic:  35/35      EV: 13    Int:  7    God:    Wu Jian [******]
Gold:   3996       SH: 37    Dex: 14    Spells: 24/26 levels left

rFire    + + .     SeeInvis +     - Unarmed
rCold    + + +     Gourm    +   G - +6 large shield
rNeg     + + .     Faith    .   X - +9 scales of the Dragon King {rPois rF+ rC+ MR+}
rPois    +         Spirit   .   V - +2 hat
rElec    +         Reflect  +   v - +2 cloak "Bim Vimuo" {-Cast rElec rN+ MR++}
rCorr    .         Harm     .   (gloves unavailable)
MR       +++++     NoCast   +   (boots unavailable)
Stlth    ..........             Z - +4 amulet of reflection
Regen    1.0/turn               O - ring of Autotheism {MP+9 Dex+2 SInv}
MPRegen  0.3/turn               B - ring of Lonichaa {rF+ rC++ rN+}

@: no status effects
A: unfitting armour, claws 3, horns 1, large bone plates 1, cold resistance 1,
deformed body, fast metabolism 3, gourmand, low mp 2, magic resistance 1,
regeneration 1, shaggy fur 1, tough skin 2
0: Orb of Zot
}: 3/15 runes: barnacled, silver, gossamer
a: Serpent's Lash, Heavenly Storm, Renounce Religion


You escaped.
You worshipped Wu Jian.
Wu Jian was exalted by your worship.
You were full.

You visited 11 branches of the dungeon, and saw 53 of its levels.
You visited 1 bazaar.
You also visited: Labyrinth, Trove, Sewer, Ice Cave, Wizlab and Desolation.

You collected 8041 gold pieces.
You spent 4045 gold pieces at shops.

Inventory:

Missiles
 q - 170 large rocks (quivered)
 s - 7 throwing nets
 U - 29 silver javelins
Armour
 v - the +2 cloak "Bim Vimuo" (worn) {-Cast rElec rN+ MR++}
   (You found it on level 3 of the Spider Nest)

   It insulates you from electricity.
   It protects you from negative energy.
   It affects your resistance to hostile enchantments.
   It prevents spellcasting.
 G - a +6 large shield (worn)
 V - a +2 hat (worn)
 X - the +9 scales of the Dragon King (worn) {rPois rF+ rC+ MR+}
   (You found it on level 5 of the Lair of Beasts)

   It protects you from fire.
   It protects you from cold.
   It protects you from poison.
   It affects your resistance to hostile enchantments.
Jewellery
 w - a +5 ring of evasion
 B - the ring of Lonichaa (right claw) {rF+ rC++ rN+}
   (You found it on level 1 of the Depths)

   [ring of protection from fire]

   It protects you from fire.
   It greatly protects you from cold.
   It protects you from negative energy.
 E - an uncursed ring of resist corrosion
 N - the ring "Axkihic" {+Fly rC+ Slay+2}
   (You found it in the Desolation of Salt)

   [ring of flight]

   It affects your accuracy and damage with ranged weapons and melee attacks
   (+2).
   It protects you from cold.
   It lets you fly.
 O - the ring of Autotheism (left claw) {MP+9 Dex+2 SInv}
   (You found it on level 1 of the Elven Halls)

   [ring of see invisible]

   It affects your dexterity (+2).
   It affects your magic capacity (+9).
   It lets you see invisible.
 Z - a +4 amulet of reflection (around neck)
Wands
 g - a wand of scattershot (4/9)
 l - a wand of scattershot (7/9)
 z - a wand of digging (9/24)
 A - a wand of paralysis (3/24)
 H - a wand of acid (12/15)
Scrolls
 j - 18 scrolls of remove curse
 m - 6 scrolls of fog
 n - a scroll of holy word
 p - 11 scrolls of teleportation
 y - a scroll of fear
 C - 4 scrolls of immolation
 I - 2 scrolls of magic mapping
 J - 11 scrolls of recharging
 Q - a scroll of amnesia
 R - 4 scrolls of silence
 W - 4 scrolls of identify
Potions
 a - 7 potions of mutation
 b - 23 potions of curing
 e - 2 potions of invisibility
 i - 5 potions of lignification
 o - 11 potions of agility
 t - 2 potions of might
 u - a potion of flight
 x - a potion of heal wounds
 L - 3 potions of ambrosia
 P - 9 potions of haste
 T - 4 potions of resistance
 Y - 5 potions of berserk rage
Miscellaneous
 c - a phial of floods
 d - 2 sacks of spiders
 k - a phantom mirror
 r - a lamp of fire
 D - a lightning rod (4/4)
 S - a fan of gales
Comestibles
 f - 29 bread rations


   Skills:
 - Level 18.0 Fighting
 - Level 16.5 Throwing
 - Level 18.0 Armour
 - Level 15.1 Dodging
 - Level 0.3 Stealth
 - Level 15.1 Shields
 O Level 27 Unarmed Combat
 + Level 15.8 Evocations


You had 24 spell levels left.
You knew the following spells:

 Your Spells              Type           Power        Failure   Level  Hunger
a - Blink                 Tloc           N/A          99%         2    ###....


Dungeon Overview and Level Annotations

Branches:
Dungeon (15/15)            Temple (1/1) D:6            Lair (6/6) D:11
 Shoals (4/4) Lair:2       Spider (4/4) Lair:4        Slime (0/5) Lair:6
    Orc (2/2) D:12            Elf (3/3) Orc:2        Vaults (5/5) D:14
  Crypt (3/3) Vaults:3       Tomb (0/3) Crypt:3      Depths (5/5) D:15
    Zot (5/5) Depths:5

Altars:
Ashenzari
Cheibriados
Dithmenos
Elyvilon
Fedhas
Gozag
Hepliaklqana
Kikubaaqudgha
Makhleb
Nemelex Xobeh
Okawaru
Qazlal
Ru
Sif Muna
Trog
Uskayaw
Vehumet
Wu Jian
Xom
Yredelemnul
Zin
The Shining One
Jiyva

Shops:
D:4 (   D:9 ?   D:12 =   Orc:1 [   Orc:2 (!([   Vaults:1 %   Vaults:3 %
Vaults:5 }*!}

Portals:
Hell: Depths:1 Depths:2 Depths:3 Depths:4 Depths:5
Abyss: Depths:4
Pandemonium: Depths:3
Ziggurat: Depths:3

Annotations:
D:7 exclusion: door
Spider:1 exclusions: downstairs and 1 more exclusion


Innate Abilities, Weirdness & Mutations

You are too large for most types of armour.
You have claws for hands.
Your metabolism is lightning-fast.
You like to eat raw meat.
Your natural rate of healing is unusually fast.
You are covered in fur. (AC +1)
You have very tough skin. (AC +2)
You have a pair of small horns on your head.
You are partially covered in large bone plates. (SH +4)
Your flesh is cold resistant. (rC+)
Armour fits poorly on your strangely shaped body.
Your magical capacity is very low. (-20% MP)
You are resistant to hostile enchantments. (MR+)


Message History

You closely miss the hell hound.
You headbutt the hell hound, but do no damage.
You barely miss the hell hound. Your headbutt misses the hell hound.
The hell hound is distracted by your jump. x2
The hell hound barks! x2
You spin and attack the hell hound repeatedly.
You eviscerate the hell hound!!!!
You kill the hell hound!
The Council accepts your kill.
Unknown command.
Evoke which item? (* to show all) (? for menu, Esc to quit)
Aiming: Dig
Press: ? - help, Shift-Dir - straight line The rock shatters into small pieces.
This wand has 9 charges left.
A shadow imp comes into view.
The shadow imp shouts!
There is an open door here.
There is a staircase leading out of the dungeon here.
You have no room to wall jump.
You have escaped!

##.###############
#...#.......#.....
#.h.#.#####.######
#...#...#.#.#.....
#4..###.#P#.######
#..4....#.#.# #
#.#5#####.#.# #
##'.#...#.#.# #
#@..#.#.#.#.### #
##'.#.#.#.#..)####
#.#.#.#.#.###.....
#.#.#.#.#...######
#.#.###.#.#.# #
#.#.#.'.P(#.# #
#.#..†#####.#
#...#†......#
#############


You could see an orange demon and a shadow imp.

Vanquished Creatures
  An orb of fire (Zot:5)
  6 ancient liches
  Mara (Spider:4)
  A juggernaut (Depths:3)
  A greater mummy (Crypt:3)
  Margery (Crypt:2)
  Saint Roka (Depths:5)
  2 curse toes
  10 golden dragons
  A profane servitor (Crypt:3)
  the Enchantress (Depths:4)
  2 bone dragons
  Arachne (Spider:2)
  3 liches
  A Brimstone Fiend (WizLab)
  2 Tzitzimimeh
  A shard shrike zombie (Crypt:1)
  15 tentacled monstrosities
  Jorgrun (Depths:2)
  21 Orb Guardians
  2 deep elf blademasters
  Asterion (Depths:2)
  4 quicksilver dragons
  2 titans
  2 krakens (Shoals:4)
  Frances (D:12)
  5 ancient champions
  5 sphinxes
  12 death cobs
  Kirke (D:15)
  Donald (Vaults:4)
  12 shadow dragons
  The ghost of AAAAA the Black Belt, an adept DgTm (Desolation)
  12 tengu reavers
  8 storm dragons
  Ilsuiw (Shoals:4)
  5 draconian monks
  11 fire giants
  The ghost of Benedikt the Imperceptible, an adept SpEn of Dithmenos (Spider:4)
  The ghost of Somebody the Carver, an adept GnSk of Gozag (Spider:1)
  7 draconian knights
  9 deep elf sorcerers
  8 draconian scorchers
  19 frost giants
  A balrug (WizLab)
  An iron dragon (Vaults:5)
  8 ghost moths
  4 draconian shifters
  22 vault wardens
  A frost giant (shapeshifter) (D:12)
  3 emperor scorpions (Spider:4)
  4 imperial myrmidons (Desolation)
  4 curse skulls
  7 deep elf elementalists
  2 juggernaut zombies (Depths:3)
  3 draconian stormcallers
  A ghost moth (shapeshifter) (D:12)
  41 very ugly things
  An orc warlord (Orc:1)
  6 ghouls
  13 ironheart preservers
  A caustic shrike zombie (Depths:3)
  10 draconian annihilators
  5 spriggan defenders
  7 entropy weavers
  3 war gargoyles (Vaults:5)
  An entropy weaver (shapeshifter) (Vaults:2)
  8 reapers
  11 vampire knights
  A juggernaut skeleton (Depths:3)
  26 stone giants
  11 green draconians
  9 black draconians
  A dire elephant (Lair:4)
  12 deep elf demonologists
  2 halazid warlocks (Desolation)
  11 spark wasps
  8 white draconians
  9 red draconians
  11 yellow draconians
  13 purple draconians
  2 small abominations
  12 deep elf annihilators
  A blizzard demon (WizLab)
  14 ettins
  2 merfolk javelineers
  8 deep elf death magi
  13 eidola
  Josephine (D:13)
  8 great orbs of eyes
  2 fire dragons (shapeshifter)
  A quicksilver dragon zombie (Crypt:3)
  7 merfolk impalers
  A minotaur (Lab)
  2 ettins (shapeshifter) (D:12)
  10 ragged hierophants
  A crystal guardian (Desolation)
  5 deep elf high priests
  11 yaktaur captains
  17 fire dragons
  10 jiangshi
  A catoblepas (Shoals:2)
  33 vault guards
  8 hydras
  A quicksilver dragon skeleton (Depths:3)
  9 servants of whispers (Desolation)
  9 spriggan air magi
  9 ice dragons
  A merfolk avatar (Shoals:4)
  The ghost of cortexin the Cruncher, a journeyman VSGl of Gozag (D:11)
  Harold (D:11)
  3 rakshasas
  11 merfolk aquamancers
  9 peacekeepers (Desolation)
  2 alligator snapping turtles
  A satyr (Shoals:3)
  36 two-headed ogres
  13 centaur warriors
  8 death knights
  8 death yaks
  27 dancing weapons
  11 ogre magi
  9 deep troll shamans
  An alligator (Lair:6)
  6 tengu warriors
  13 deep troll earth magi
  11 vampire magi
  5 spriggan berserkers
  A titan zombie (Crypt:3)
  Urug (D:11)
  4 storm dragon zombies
  A large abomination (Elf:2)
  An orc high priest (Elf:1)
  2 sun demons
  5 soul eaters
  27 deep elf knights
  A titan skeleton (Depths:3)
  Sonja (Lair:2)
  Nergalle (D:11)
  12 sea snakes
  45 skeletal warriors
  5 hell knights (Crypt:2)
  A storm dragon skeleton (Depths:3)
  3 iron trolls
  A fire crab (shapeshifter) (Vaults:2)
  A shadow wraith (Vaults:4)
  The ghost of cortexin the Covert, a novice SpAs of Gozag (D:10)
  3 unseen horrors
  A torturous demonspawn (Depths:3)
  2 spark wasp zombies
  2 golden dragon zombies (Depths:3)
  2 wizards
  A kraken simulacrum (Shoals:4)
  8 flayed ghosts
  11 deep elf archers
  2 glowing orange brains (shapeshifter)
  A golden dragon skeleton (Depths:4)
  4 glowing orange brains
  35 deep trolls
  A lindwurm (shapeshifter) (Depths:2)
  A tengu zombie (Depths:2)
  A shadow dragon zombie (Depths:3)
  21 orc knights
  Pikel (D:6)
  11 harpies
  15 necromancers
  A tengu skeleton (Depths:3)
  A wolf spider zombie (Crypt:3)
  16 ironbrand convokers
  A shadow dragon skeleton (Depths:3)
  32 phantasmal warriors
  A mana viper (shapeshifter) (Vaults:2)
  9 cyclopes
  A sphinx zombie (Depths:3)
  67 deep elf magi
  25 orb spiders
  11 fauns
  3 orc sorcerers
  42 wolf spiders
  60 ugly things
  13 manticores
  2 fire giant zombies
  2 frost giant zombies (Depths:3)
  Maurice (D:11)
  12 moths of wrath
  18 merfolk sirens
  A stone giant zombie (Crypt:3)
  A rust devil (Depths:3)
  2 smoke demons (WizLab)
  20 elephants
  2 iron dragon skeletons
  A guardian serpent (shapeshifter) (Depths:5)
  16 vault sentinels
  4 black mambas
  2 fire giant skeletons (Depths:3)
  A frost giant skeleton (Depths:4)
  6 centaur zombies
  3 torpor snails
  Psyche (D:8)
  7 water nymphs
  A stone giant skeleton (Depths:2)
  An eye of devastation (shapeshifter) (D:12)
  3 guardian serpents (Desolation)
  2 ice statues (IceCv)
  A water nymph (shapeshifter) (Vaults:2)
  A spiny frog (shapeshifter) (Vaults:1)
  An orange demon (D:3)
  2 gargoyles
  9 spiny frogs
  6 kobold demonologists
  4 hellions
  14 komodo dragons
  A swamp worm zombie (Crypt:1)
  2 efreet
  A komodo dragon (shapeshifter) (Depths:3)
  12 freezing wraiths
  58 yaktaurs
  A spark wasp simulacrum (Depths:3)
  5 rime drakes
  12 demonic crawlers
  A spriggan zombie (Depths:3)
  12 ice devils
  3 golden dragon simulacra
  34 jumping spiders
  A spriggan skeleton (Depths:3)
  A hydra zombie (Crypt:3)
  An iron troll skeleton (Crypt:1)
  3 meliai
  A polar bear (shapeshifter) (D:12)
  3 tengu conjurers
  26 merfolk
  10 polar bears
  2 guardian mummies (Crypt:3)
  11 wind drakes
  A wind drake (shapeshifter) (Depths:2)
  14 hornets
  11 trolls
  2 tengu simulacra
  5 raiju (Lair:6)
  A hippogriff (shapeshifter) (D:15)
  2 shadow dragon simulacra
  23 slime creatures
  A fire dragon zombie (Crypt:3)
  59 saltlings
  6 dream sheep
  7 blink frogs (Lair:6)
  A guardian serpent zombie (Crypt:2)
  A raiju (shapeshifter) (D:12)
  10 snapping turtles
  10 hippogriffs
  A bog body (Crypt:1)
  An ice dragon zombie (Crypt:3)
  An ettin zombie (Crypt:3)
  2 wyverns
  85 redbacks
  An elf skeleton (Depths:3)
  2 shadows
  A fire dragon skeleton (Crypt:2)
  19 water elementals
  27 air elementals
  A guardian serpent skeleton (Crypt:2)
  A spriggan simulacrum (Depths:3)
  7 spriggans
  30 tarantellas
  A vampire (D:10)
  16 wraiths
  4 hogs (D:7)
  4 humans
  59 yaks
  4 ynoxinuls
  2 tarantellas (shapeshifter)
  5 basilisks
  A fire bat (shapeshifter) (Vaults:5)
  A fire elemental (Elf:2)
  3 chaos spawn
  12 vampire mosquitoes
  A hungry ghost (D:5)
  A steam dragon (shapeshifter) (Vaults:5)
  A hog (shapeshifter) (D:12)
  2 neqoxecs
  10 wargs
  A merfolk zombie (Crypt:3)
  15 insubstantial wisps (Depths:1)
  4 acid dragons
  12 porcupines
  A floating eye (Depths:2)
  7 water moccasins
  14 hell hounds
  2 hornet zombies
  14 ice beasts
  14 black bears
  A monstrous demonspawn skeleton (Crypt:1)
  72 orc warriors
  A black bear (shapeshifter) (Vaults:3)
  5 sky beasts
  An eye of draining (D:12)
  18 necrophages
  12 boggarts
  27 ogres
  2 ettin simulacra
  3 snapping turtle zombies (Crypt:3)
  21 centaurs
  3 phantoms
  A dream sheep skeleton (Crypt:1)
  22 wolves
  17 crocodiles
  Blork the orc (D:6)
  4 elf zombies
  9 big kobolds
  14 bullfrogs
  A gnoll sergeant (D:10)
  A glowing shapeshifter simulacrum (Vaults:3)
  A wyvern zombie (D:12)
  9 wyvern skeletons (Crypt:3)
  4 earth elementals
  2 warg zombies
  2 scorpions
  9 killer bees
  16 wights
  3 howler monkeys
  6 electric eels
  2 bullfrog zombies
  13 crimson imps
  A human simulacrum (Vaults:2)
  A black bear zombie (Crypt:2)
  4 hounds
  A bullfrog skeleton (D:9)
  7 jellies
  Crazy Yiuf (D:7)
  15 orc priests
  4 human zombies (D:9)
  3 centaur skeletons
  2 iron imps
  A human skeleton (D:9)
  5 iguanas
  6 worker ants
  12 orc wizards
  A hound zombie (Crypt:1)
  2 mummies
  A howler monkey zombie (D:8)
  13 gnolls
  30 adders
  A river rat (Sewer)
  3 shadow imps
  9 white imps
  6 ufetubi (IceCv)
  4 oozes
  2 adder zombies
  A halfling skeleton (Crypt:2)
  An adder skeleton (D:8)
  10 worms
  A ball lightning (Depths:1)
  A barachi zombie (Crypt:2)
  4 dart slugs
  2 leopard geckos
  103 orcs
  6 giant cockroaches
  8 goblins
  5 hobgoblins
  15 jackals
  A jackal (shapeshifter) (Depths:2)
  26 kobolds
  8 quokkas
  A ball python (Sewer)
  8 bats
  A frilled lizard (D:1)
  A jackal skeleton (Crypt:2)
  A quokka skeleton (D:6)
  8 rats
  2 fungi
  A plant (D:14)
  8 tentacles (Shoals:4)
2934 creatures vanquished.

Vanquished Creatures (collateral kills)
  An ancient lich (Zot:5)
  An orb of fire (Zot:5)
  A Killer Klown (Zot:5)
  A golden dragon (Zot:5)
  An electric golem (Zot:5)
  A tentacled monstrosity (Zot:5)
  7 Orb Guardians (Zot:5)
  A quicksilver dragon (Zot:5)
  A shadow dragon (Zot:5)
  A draconian shifter (Zot:5)
  2 red draconians (Zot:5)
  A purple draconian (Zot:5)
19 creatures vanquished.

Vanquished Creatures (others)
  2 deep elf master archers (Elf:3)
  Polyphemus (Shoals:2)
  A fire giant (Depths:2)
  An ironheart preserver (Vaults:1)
  A reaper (IceCv)
  4 stone giants
  A spark wasp (Depths:3)
  3 merfolk javelineers (Shoals:4)
  6 yaktaur captains
  A peacekeeper (Desolation)
  4 centaur warriors
  3 satyrs
  A deep elf knight (Elf:2)
  A shadow wraith (Depths:4)
  A deep elf archer (Elf:2)
  A wolf spider (Spider:4)
  A manticore (Shoals:4)
  A cyclops (Shoals:2)
  3 fauns (Shoals:3)
  16 yaktaurs
  A merfolk (Shoals:4)
  2 slaves (D:6)
  3 humans
  4 centaurs
  A jelly (D:9)
  4 white imps (IceCv)
  2 ufetubi (IceCv)
  15 ball lightnings (Depths:1)
  An orc (Vaults:5)
  A quokka (D:6)
  8 bushes
  14 fungi
  41 plants
  26 tentacles (Shoals:4)
  17 withered plants (Crypt:3)
193 creatures vanquished.

Grand Total: 3146 creatures vanquished

Notes
Turn   | Place    | Note
-------+----------+-------------------------------------------
     0 | D:1      | Angani the Troll Hunter began the quest for the Orb.
     0 | D:1      | Reached XP level 1. HP: 19/19 MP: 0/0
    31 | D:1      | Reached skill level 1 in Unarmed Combat
    31 | D:1      | Reached XP level 2. HP: 15/27 MP: 1/1
    81 | D:1      | Reached skill level 2 in Unarmed Combat
   481 | D:1      | Reached XP level 3. HP: 33/33 MP: 2/2
   718 | D:1      | Reached skill level 3 in Unarmed Combat
   976 | D:2      | Found a sparkling altar of Nemelex Xobeh.
  1026 | D:2      | Reached XP level 4. HP: 41/41 MP: 3/3
  1113 | D:2      | Found a stormy altar of Qazlal.
  1394 | D:3      | Found a burning altar of Makhleb.
  1418 | D:3      | Reached skill level 4 in Unarmed Combat
  1516 | D:3      | Found a sacrificial altar of Ru.
  1579 | D:3      | Found a glowing drain.
  1587 | Sewer    | Entered a sewer
  1611 | Sewer    | Noticed a big kobold
  1621 | Sewer    | Killed a big kobold
  1621 | Sewer    | Reached skill level 5 in Unarmed Combat
  1621 | Sewer    | Reached XP level 5. HP: 48/48 MP: 4/4
  1828 | Sewer    | Reached XP level 6. HP: 59/59 MP: 5/5
  2134 | Sewer    | Reached XP level 7. HP: 67/67 MP: 6/6
  2996 | D:4      | Found Yjutuag's Weapon Emporium.
  3463 | D:5      | Entered Level 5 of the Dungeon
  3499 | D:5      | Found a hide-covered altar of Uskayaw.
  3674 | D:5      | Noticed a hungry ghost
  3707 | D:5      | Killed a hungry ghost
  3860 | D:5      | Reached skill level 5 in Throwing
  4008 | D:5      | Learned a level 2 spell: Blink
  4169 | D:6      | Noticed Pikel
  4191 | D:6      | Killed Pikel
  4191 | D:6      | Reached skill level 7 in Unarmed Combat
  4191 | D:6      | Reached XP level 8. HP: 72/78 MP: 7/7
  4273 | D:6      | Found a staircase to the Ecumenical Temple.
  4282 | Temple   | Entered the Ecumenical Temple
  4355 | Temple   | Became a worshipper of the Wu Jian Council
  4449 | D:6      | Noticed Blork the orc
  4454 | D:6      | Killed Blork the orc
  4519 | D:6      | Reached skill level 8 in Unarmed Combat
  4663 | D:6      | Reached skill level 9 in Unarmed Combat
  4663 | D:6      | Reached XP level 9. HP: 77/84 MP: 8/8
  4736 | D:6      | Gained mutation: Armour fits poorly on your strangely shaped body. [potion of mutation]
  4736 | D:6      | Gained mutation: You have a pair of small horns on your head. [potion of mutation]
  4736 | D:6      | Gained mutation: You are resistant to hostile enchantments. (MR+) [potion of mutation]
  4976 | D:7      | Reached skill level 5 in Fighting
  5078 | D:7      | Found an iron altar of Okawaru.
  5153 | D:7      | Gained mutation: Your flesh is cold resistant. (rC+) [mutagenic meat]
  5266 | D:7      | Reached * piety under Wu Jian
  5301 | D:7      | Found a runed door.
  5333 | D:7      | Noticed Crazy Yiuf
  5345 | D:7      | Killed Crazy Yiuf
  5452 | D:7      | Found a deep blue altar of Sif Muna.
  5472 | D:7      | Found an opulent altar of Gozag.
  5809 | D:7      | Reached XP level 10. HP: 87/104 MP: 9/9
  6261 | D:8      | Noticed Psyche
  6285 | D:8      | Killed Psyche
  6395 | D:8      | Reached skill level 5 in Dodging
  6593 | D:8      | Found a sacrificial altar of Ru.
  6593 | D:8      | Found an ancient bone altar of Kikubaaqudgha.
  6898 | D:9      | Found a bloodstained altar of Trog.
  6898 | D:9      | Found a radiant altar of Vehumet.
  7033 | D:9      | Found a shadowy altar of Dithmenos.
  7080 | D:9      | Found a shattered altar of Ashenzari.
  7300 | D:9      | Reached ** piety under Wu Jian
  7371 | D:9      | Found a basalt altar of Yredelemnul.
  7424 | D:9      | Noticed a two-headed ogre
  7453 | D:9      | Killed a two-headed ogre
  7597 | D:9      | Found Ujei's Magic Scroll Shoppe.
  7600 | D:9      | Bought a scroll of blinking for 75 gold pieces
  7600 | D:9      | Bought a scroll of magic mapping for 35 gold pieces
  7600 | D:9      | Bought a scroll of teleportation for 30 gold pieces
  7600 | D:9      | Bought a scroll of magic mapping for 35 gold pieces
  7600 | D:9      | Bought 2 scrolls of identify for 40 gold pieces
  7600 | D:9      | Bought a scroll of summoning for 95 gold pieces
  7600 | D:9      | Bought a scroll of identify for 20 gold pieces
  7600 | D:9      | Bought a scroll of holy word for 75 gold pieces
  7600 | D:9      | Bought a scroll of identify for 20 gold pieces
  7960 | D:10     | Entered Level 10 of the Dungeon
  8572 | D:10     | Reached *** piety under Wu Jian
  8868 | D:10     | Gained mutation: You are partially covered in large bone plates. (SH +4) [mutagenic meat]
  8988 | D:10     | Killed an unseen horror
  8988 | D:10     | Reached skill level 1 in Shields
  8988 | D:10     | Reached XP level 11. HP: 67/109 MP: 10/10
  9174 | D:10     | Noticed cortexin's ghost (novice SpAs)
  9208 | D:10     | Killed cortexin's ghost
  9363 | D:11     | Noticed Urug
  9366 | D:11     | Noticed a seven-headed hydra
  9616 | D:11     | Killed an unseen horror
  9688 | D:11     | Noticed Maurice
  9791 | D:11     | Noticed cortexin's ghost (journeyman VSGl)
  9816 | D:11     | Killed cortexin's ghost
  9844 | D:11     | Noticed a two-headed ogre
  9859 | D:11     | Killed a two-headed ogre
  9859 | D:11     | Reached skill level 5 in Shields
  9874 | D:11     | Noticed Nergalle
 10009 | D:11     | Killed Nergalle
 10139 | D:11     | Noticed Harold
 10217 | D:11     | Killed Harold
 10313 | D:11     | Found a staircase to the Lair.
 10344 | D:11     | Killed Urug
 10524 | D:11     | Noticed a two-headed ogre
 10531 | D:11     | Killed a two-headed ogre
 10762 | D:11     | Killed a seven-headed hydra
 10762 | D:11     | Reached XP level 12. HP: 36/117 MP: 11/11
 11216 | D:11     | Reached **** piety under Wu Jian
 11364 | D:11     | Killed Maurice
 11434 | Lair:1   | Entered Level 1 of the Lair of Beasts
 11589 | Lair:1   | Noticed an eight-headed hydra
 11596 | Lair:1   | Killed an eight-headed hydra
 11857 | Lair:1   | Identified a scroll of acquirement
 12142 | Lair:1   | Reached skill level 1 in Armour
 12362 | Lair:2   | Noticed Sonja
 12684 | Lair:2   | Killed Sonja
 12987 | Lair:2   | Reached skill level 5 in Armour
 13147 | Lair:2   | Found a staircase to the Shoals.
 13315 | Lair:3   | Noticed an eight-headed hydra
 13322 | Lair:3   | Killed an eight-headed hydra
 13354 | Lair:3   | Reached XP level 13. HP: 105/127 MP: 12/12
 14241 | Lair:4   | Reached ***** piety under Wu Jian
 14276 | Lair:4   | Reached skill level 1 in Evocations
 14345 | Lair:4   | Found a frozen archway.
 14398 | IceCv    | Entered an ice cave
 14489 | IceCv    | Killed a reaper
 14985 | IceCv    | Got amber-encrusted ice dragon scales
 14986 | IceCv    | Identified the +2 ice dragon scales of a bazaar {rF- rC++ MP+9 Stlth+} (You found it in an ice cave)
 15595 | Lair:4   | Found a hole to the Spider Nest.
 15938 | Lair:5   | Reached skill level 5 in Evocations
 16083 | Lair:5   | Reached skill level 10 in Unarmed Combat
 16205 | Lair:5   | Found an ornate altar of the Wu Jian Council.
 16534 | Lair:5   | Reached skill level 11 in Unarmed Combat
 16557 | Lair:5   | Noticed a dire elephant
 16618 | Lair:4   | Killed a dire elephant
 17074 | Lair:6   | Entered Level 6 of the Lair of Beasts
 17217 | Lair:6   | Reached XP level 14. HP: 125/136 MP: 16/16
 17461 | Lair:6   | Found a staircase to the Slime Pits.
 17461 | Lair:6   | Found a viscous altar of Jiyva.
 17792 | Lair:6   | Reached ****** piety under Wu Jian
 17856 | Lair:6   | Reached skill level 10 in Armour
 18233 | Lair:6   | Got a spiked hat
 18239 | Lair:6   | Identified the -2 hat of Cloud Cover {*Contam rElec rPois} (You found it on level 6 of the Lair of Beasts)
 18279 | Lair:6   | Gained mutation: Your magical capacity is low. (-10% MP) [mutagenic glow]
 18960 | Lair:1   | Reached skill level 10 in Shields
 18992 | D:12     | Found Bauda's Jewellery Shop.
 19109 | D:12     | Found a staircase to the Orcish Mines.
 19157 | D:12     | Found a labyrinth entrance.
 19183 | Lab      | Entered a labyrinth
 19504 | D:12     | Noticed Frances
 19518 | D:12     | Killed Frances
 19858 | D:12     | Noticed a frost giant
 19860 | D:12     | Noticed a stone giant
 19885 | D:12     | Noticed a frost giant
 19895 | D:12     | Found a runed door.
 19895 | D:12     | Noticed a stone giant
 19895 | D:12     | Noticed a frost giant
 19896 | D:12     | Noticed a fire giant
 19896 | D:12     | Found a runed door.
 19896 | D:12     | Noticed a vampire knight
 19897 | D:12     | Noticed a frost giant
 19976 | D:12     | Noticed a frost giant
 19976 | D:12     | Noticed a shadow dragon
 19982 | D:12     | Noticed a frost giant
 19983 | D:12     | Found a runed door.
 20007 | D:12     | Reached XP level 15. HP: 140/143 MP: 15/15
 20162 | D:12     | You fall through a shaft!
 20431 | D:12     | Noticed an iron giant
 20438 | D:12     | Noticed a golden dragon
 20442 | D:12     | Noticed a juggernaut
 20442 | D:12     | a golden dragon changed into a juggernaut
 20754 | Orc:1    | Entered Level 1 of the Orcish Mines
 20845 | Orc:2    | Entered Level 2 of the Orcish Mines
 20876 | Orc:2    | Found a staircase to the Elven Halls.
 20879 | Orc:2    | Noticed an orc warlord
 20957 | Orc:1    | Found Unah's Armour Emporium.
 21179 | Orc:1    | Killed an orc warlord
 21310 | Orc:1    | Reached skill level 10 in Dodging
 21924 | Orc:2    | Found an iron altar of Okawaru.
 22024 | Orc:2    | Found Oppirgha's Distillery.
 22024 | Orc:2    | Found Ehuda's Weapon Shoppe.
 22026 | Orc:2    | Found Ymivepo's Antique Armour Emporium.
 22028 | Orc:2    | Found Gumicoun's Weapon Boutique.
 22042 | Orc:2    | Bought a potion of haste for 180 gold pieces
 22042 | Orc:2    | Bought a potion of haste for 180 gold pieces
 22042 | Orc:2    | Bought a potion of curing for 54 gold pieces
 22042 | Orc:2    | Bought a potion of heal wounds for 90 gold pieces
 22042 | Orc:2    | Bought a potion of heal wounds for 90 gold pieces
 22042 | Orc:2    | Bought a potion of lignification for 54 gold pieces
 22042 | Orc:2    | Bought 2 potions of heal wounds for 180 gold pieces
 22042 | Orc:2    | Bought a potion of might for 72 gold pieces
 22042 | Orc:2    | Bought a potion of lignification for 54 gold pieces
 22042 | Orc:2    | Bought a potion of curing for 54 gold pieces
 22042 | Orc:2    | Bought a potion of lignification for 54 gold pieces
 22042 | Orc:2    | Bought a potion of agility for 72 gold pieces
 23178 | D:13     | Found a shadowy altar of Dithmenos.
 23206 | D:14     | Noticed Josephine
 23261 | D:13     | Killed Josephine
 23562 | D:13     | Reached skill level 10 in Fighting
 24078 | D:14     | Reached skill level 12 in Unarmed Combat
 24102 | D:14     | Found a gate to the Vaults.
 24532 | D:15     | Entered Level 15 of the Dungeon
 25180 | D:15     | Noticed Kirke
 25192 | D:15     | Killed Kirke
 25192 | D:15     | Reached skill level 13 in Unarmed Combat
 25192 | D:15     | Reached XP level 16. HP: 144/159 MP: 16/16
 25319 | D:15     | Found a staircase to the Depths.
 25505 | D:15     | Reached skill level 10 in Throwing
 25859 | Spider:1 | Entered Level 1 of the Spider Nest
 26211 | Spider:1 | Noticed Somebody's ghost (adept GnSk)
 26263 | Spider:1 | Killed Somebody's ghost
 26892 | Spider:2 | Noticed Arachne
 27198 | Spider:2 | Killed Arachne
 28518 | Spider:3 | Got a dazzling cloak
 28529 | Spider:3 | Identified the +2 cloak "Bim Vimuo" {-Cast rElec rN+ MR++} (You found it on level 3 of the Spider Nest)
 29535 | Spider:4 | Entered Level 4 of the Spider Nest
 29887 | Spider:4 | Reached XP level 17. HP: 170/170 MP: 17/17
 30038 | Spider:4 | Noticed Mara
 30061 | Spider:4 | Noticed Angani's illusion
 30387 | Spider:4 | Noticed Angani's illusion
 30387 | Spider:4 | Killed Mara
 30387 | Spider:4 | Reached skill level 14 in Unarmed Combat
 30476 | Spider:4 | Noticed Benedikt's ghost (adept SpEn)
 30917 | Spider:4 | Killed Benedikt's ghost
 31191 | Spider:4 | Reached skill level 15 in Unarmed Combat
 31417 | Spider:4 | Paralysed by a hornet for 1 turns
 32061 | Spider:4 | Got a gossamer rune of Zot
 32851 | Shoals:1 | Entered Level 1 of the Shoals
 33835 | Shoals:2 | Reached XP level 18. HP: 142/179 MP: 18/18
 34042 | Shoals:2 | Noticed Polyphemus
 34047 | Shoals:2 | Killed Polyphemus
 35101 | Shoals:4 | Entered Level 4 of the Shoals
 35795 | Shoals:4 | Got a barnacled rune of Zot
 36003 | Shoals:4 | Noticed Ilsuiw
 36066 | Shoals:4 | Killed Ilsuiw
 36754 | Shoals:4 | Reached skill level 16 in Unarmed Combat
 37223 | Depths:1 | Entered Level 1 of the Depths
 37297 | D:15     | Reached XP level 19. HP: 187/193 MP: 19/19
 37725 | Depths:1 | Reached skill level 17 in Unarmed Combat
 38102 | Depths:1 | Found a gateway to Hell.
 38628 | Depths:1 | Got a transparent steel ring
 38632 | Depths:1 | Got a shimmering amber ring
 38634 | Depths:1 | Identified the ring of Quyfyap {+Inv rF- Int+2 Dex+2} (You found it on level 1 of the Depths)
 38635 | Depths:1 | Identified the ring of Lonichaa {rF+ rC++ rN+} (You found it on level 1 of the Depths)
 38672 | Depths:1 | Reached skill level 18 in Unarmed Combat
 38894 | Depths:2 | Noticed Asterion
 38911 | Depths:2 | Killed Asterion
 39537 | Depths:2 | Noticed Jorgrun
 39567 | Depths:2 | Killed Jorgrun
 39575 | Depths:2 | Reached XP level 20. HP: 112/208 MP: 20/20
 39736 | Depths:2 | Noticed a golden dragon
 39858 | Depths:2 | Reached skill level 15 in Fighting
 41167 | Depths:2 | Identified the +2 helmet of Midnight {*Drain rF+++ Dex+4 Stlth+} (You found it on level 2 of the Depths)
 41191 | Depths:3 | Noticed a juggernaut
 41206 | Depths:3 | Killed a juggernaut
 41246 | Depths:3 | Found a magical portal.
 41255 | WizLab   | Entered Doroklohe's Tomb
 41453 | WizLab   | Reached XP level 21. HP: 142/218 MP: 21/21
 41728 | Depths:3 | Found a one-way gate leading to the halls of Pandemonium.
 41815 | Depths:3 | Found a gateway to a ziggurat.
 41825 | Depths:3 | Reached skill level 15 in Shields
 42555 | Depths:3 | Found an ancient bone altar of Kikubaaqudgha.
 42555 | Depths:3 | Noticed an ancient lich
 42598 | Depths:3 | Killed an ancient lich
 43413 | Depths:3 | Identified the +1 pair of gloves "Riedor" {rPois Int-2 Dex+5} (You found it on level 3 of the Depths)
 43895 | Depths:4 | Noticed an ancient lich
 44044 | Depths:4 | Noticed the Enchantress
 44052 | Depths:4 | Killed the Enchantress
 44083 | Depths:4 | Reached skill level 15 in Armour
 44369 | Depths:4 | Found a one-way gate to the infinite horrors of the Abyss.
 44390 | Depths:4 | Reached XP level 22. HP: 192/227 MP: 22/22
 44479 | Depths:4 | Got faerie dragon scales
 44590 | Depths:4 | Got a polished hat
 44591 | Depths:4 | Identified the +0 hat of Erabroc {rElec rF- rCorr Str+7} (You acquired it on level 4 of the Depths)
 44772 | Depths:4 | Killed an ancient lich
 44963 | Depths:4 | Identified the Catalogue of Stolen Souls
 45510 | Depths:4 | Noticed a golden dragon
 45515 | Depths:4 | Killed a golden dragon
 46235 | Depths:5 | Entered Level 5 of the Depths
 46526 | Depths:5 | Noticed a golden dragon
 46556 | Depths:5 | Killed a golden dragon
 46566 | Depths:5 | Noticed a golden dragon
 46570 | Depths:5 | Killed a golden dragon
 46570 | Depths:5 | Reached skill level 15 in Dodging
 46646 | Depths:5 | Noticed Saint Roka
 46664 | Depths:5 | Killed Saint Roka
 46673 | Depths:5 | Found a gate to the Realm of Zot.
 47221 | Depths:5 | Reached XP level 23. HP: 235/235 MP: 24/24
 47430 | Depths:5 | Found a portal to a secret trove of treasure.
 48132 | Depths:5 | You paid a toll of a +7 demon trident to enter a treasure trove
 48133 | Trove    | Entered a treasure trove
 48481 | Elf:1    | Entered Level 1 of the Elven Halls
 48948 | Elf:1    | Got a warped lapis lazuli ring
 48949 | Elf:1    | Identified the ring of Autotheism {MP+9 Dex+2 SInv} (You found it on level 1 of the Elven Halls)
 49341 | Elf:2    | Found a ruined gateway.
 49380 | Desolati | Entered the Desolation of Salt
 49440 | Desolati | Noticed AAAAA's ghost (adept DgTm)
 49461 | Desolati | Killed AAAAA's ghost
 49461 | Desolati | Reached skill level 19 in Unarmed Combat
 49713 | Desolati | Identified the Catalogue of Ghastly Augmentations
 49900 | Desolati | Got a bound iron ring
 49901 | Desolati | Identified the ring "Axkihic" {+Fly rC+ Slay+2} (You found it in the Desolation of Salt)
 50052 | Desolati | Reached skill level 20 in Unarmed Combat
 50660 | Elf:2    | Found a huge runed gate.
 50660 | Elf:2    | Found a huge runed gate.
 50661 | Elf:2    | Found a huge runed gate.
 50661 | Elf:2    | Found a huge runed gate.
 50661 | Elf:2    | Found a huge runed gate.
 51493 | Elf:3    | Entered Level 3 of the Elven Halls
 51719 | Elf:2    | Reached skill level 21 in Unarmed Combat
 51719 | Elf:2    | Reached XP level 24. HP: 227/245 MP: 25/25
 52594 | Elf:3    | Reached skill level 22 in Unarmed Combat
 52629 | Elf:3    | Identified Sif Muna's Disquisition on Supportive Flight
 52934 | Elf:3    | Identified the +6 gold dragon scales of Somewhere Else {rPois rF+ rC+ Int+3} (You acquired it on level 3 of the Elven Halls)
 53406 | Vaults:1 | Entered Level 1 of the Vaults
 53406 | Vaults:1 | Found a flickering gateway to a bazaar.
 53417 | Bazaar   | Entered a bazaar
 53417 | Bazaar   | Found Watt's Antique Armour Emporium.
 53417 | Bazaar   | Found Yremaj's Weapon Shop.
 53417 | Bazaar   | Found Hyraemit's General Store.
 53417 | Bazaar   | Found Siyhad's Magic Scroll Shop.
 53419 | Bazaar   | Found Qaasemeq's Antique Weapon Shoppe.
 53483 | Bazaar   | Bought a scroll of recharging for 114 gold pieces
 53483 | Bazaar   | Bought a scroll of teleportation for 36 gold pieces
 53483 | Bazaar   | Bought a scroll of magic mapping for 42 gold pieces
 53483 | Bazaar   | Bought a scroll of identify for 24 gold pieces
 53500 | Bazaar   | Bought a meat ration for 75 gold pieces
 53500 | Bazaar   | Bought a royal jelly for 30 gold pieces
 53500 | Bazaar   | Bought a royal jelly for 30 gold pieces
 53685 | Vaults:1 | Found Muepur's Food Shoppe.
 54579 | Vaults:1 | Reached skill level 15 in Throwing
 55130 | Vaults:2 | Reached XP level 25. HP: 223/253 MP: 25/25
 55966 | Vaults:3 | Found Gaiptus's Food Boutique.
 56164 | Vaults:3 | Found a staircase to the Crypt.
 57936 | Vaults:4 | Noticed Donald
 57945 | Vaults:4 | Killed Donald
 58637 | Crypt:1  | Entered Level 1 of the Crypt
 59758 | Crypt:3  | Entered Level 3 of the Crypt
 59922 | Crypt:2  | Noticed Margery
 59937 | Crypt:2  | Killed Margery
 60066 | Crypt:1  | Reached XP level 26. HP: 259/274 MP: 25/25
 61072 | Crypt:3  | Got a glittering granite ring
 61094 | Crypt:3  | Identified the ring "Arghun" {rF++ rN+ Str-2 Int-2 Dex+3} (You took it off a death knight on level 3 of the Crypt)
 61095 | Crypt:3  | Identified the amulet of Woerodem {rPois rN+ Regen+ Int+2 Dex+4} (You found it on level 3 of the Crypt)
 61096 | Crypt:3  | Identified the amulet of Joel {MR+ Regen+ Int+4} (You found it on level 3 of the Crypt)
 61357 | Crypt:3  | Found a basalt altar of Yredelemnul.
 61989 | Crypt:3  | Noticed a greater mummy
 62001 | Crypt:3  | Killed a greater mummy
 62160 | Crypt:3  | Found a staircase to the Tomb.
 62767 | Vaults:5 | Entered Level 5 of the Vaults
 62948 | Vaults:5 | Got a silver rune of Zot
 63087 | Vaults:5 | Reached skill level 23 in Unarmed Combat
 63092 | Vaults:5 | Found Gebytedu's Gadget Emporium.
 63113 | Vaults:5 | Noticed an ancient lich
 63116 | Vaults:5 | Killed an ancient lich
 63116 | Vaults:5 | Reached XP level 27. HP: 179/281 MP: 25/25
 63349 | Vaults:5 | Bought a box of beasts for 340 gold pieces
 63349 | Vaults:5 | Bought a box of beasts for 340 gold pieces
 63349 | Vaults:5 | Bought a box of beasts for 340 gold pieces
 63359 | Vaults:5 | Found Fan Saoj's General Store.
 63364 | Vaults:5 | Bought a potion of cancellation for 128 gold pieces
 63366 | Vaults:5 | Found Zeharus's Distillery.
 63371 | Vaults:5 | Bought a potion of agility for 52 gold pieces
 63371 | Vaults:5 | Bought 2 potions of curing for 78 gold pieces
 63371 | Vaults:5 | Bought a potion of berserk rage for 65 gold pieces
 63371 | Vaults:5 | Bought a potion of curing for 39 gold pieces
 63371 | Vaults:5 | Bought a potion of haste for 130 gold pieces
 63371 | Vaults:5 | Bought 2 potions of might for 104 gold pieces
 63371 | Vaults:5 | Bought a potion of curing for 39 gold pieces
 63405 | Vaults:5 | Reached skill level 24 in Unarmed Combat
 63561 | Vaults:5 | Found Taighac's Gadget Shoppe.
 63570 | Vaults:5 | Bought a phantom mirror for 480 gold pieces
 64516 | Vaults:5 | Reached skill level 25 in Unarmed Combat
 64946 | D:12     | Found a runed door.
 65101 | D:12     | Got a fine tin ring
 65103 | D:12     | Identified the ring "Siconot" {Ice rN+ Str+6 SInv} (You took it off a frost giant on level 12 of the Dungeon)
 65107 | D:12     | Got a glittering brass ring
 65108 | D:12     | Identified the ring of Teuteboi {rPois rC+ Int+5 Dex+2} (You found it on level 12 of the Dungeon)
 65116 | D:12     | Got a coiled emerald amulet
 65149 | D:12     | Identified the amulet of Wyhaus {Spirit rF+ Str+4 Slay-5} (You took it off a frost giant on level 12 of the Dungeon)
 65160 | D:12     | Got a smoking turquoise ring
 65161 | D:12     | Identified the ring of Ekaweddyck {rCorr rPois Dex+4} (You took it off a yaktaur captain on level 12 of the Dungeon)
 65514 | Zot:1    | Entered Level 1 of the Realm of Zot
 66002 | Zot:1    | Reached skill level 26 in Unarmed Combat
 67292 | Zot:3    | Reached skill level 27 in Unarmed Combat
 67994 | Zot:3    | Reached skill level 10 in Evocations
 69006 | Zot:4    | Identified the ring "Gexka" {*Tele Int+3} (You found it on level 4 of the Realm of Zot)
 69087 | Zot:5    | Entered Level 5 of the Realm of Zot
 69548 | Zot:5    | Noticed an ancient lich
 69557 | Zot:5    | Killed an ancient lich
 69575 | Zot:5    | Noticed an orb of fire
 69577 | Zot:5    | Noticed an ancient lich
 69582 | Zot:5    | Noticed an orb of fire
 69588 | Zot:5    | Killed an orb of fire
 69591 | Zot:5    | Killed an ancient lich
 69602 | Zot:5    | Killed an orb of fire
 69635 | Zot:5    | Noticed an ancient lich
 69646 | Zot:5    | Killed an ancient lich
 69668 | Zot:5    | Got the Orb of Zot
 69678 | Zot:5    | Noticed an ancient lich
 69693 | Zot:5    | Noticed an ancient lich
 69697 | Zot:5    | Killed an ancient lich
 69697 | Zot:5    | Reached skill level 15 in Evocations
 69884 | Depths:5 | Noticed Plog the pandemonium lord
 69933 | Depths:4 | Gained mutation: Your magical capacity is very low. (-20% MP) [a neqoxec]
 70477 | D:$      | Escaped with the Orb!

Vault maps used:
D:1:      onia_arrival_mini_maze_b, minmay_misc_feat_room
D:2:      grunt_qazlal_clouds, nemelex_xobeh_ov_fountains_minmay
D:3:      lemuel_doored_altar, cheibrodos_sewer_entry_bend,
          nicolae_ru_great_annihilating_truth
D:4:      serial_shops, shop, grunt_ministairs_6
D:5:      kennysheep_mini_moat, first_bread
D:6:      lemuel_temple_firewalk_b, supply_closet_lemuel, minmay_ruffians,
          uniq_pikel, uniq_blork_the_orc
D:7:      black_bear_nest_2, nicolae_overflow_crystal_walls, led_sif_book,
          grunt_livestock, minmay_crystal_water, nicolae_gozag_seed_capital,
          uniq_crazy_yiuf_cottage
D:8:      gammafunk_temple_overflow_wave, uniq_psyche
D:9:      old_standard_altar, lemuel_mausoleum_altar_yredelemnul,
          grunt_dithmenos_shadows, gammafunk_temple_overflow_statue,
          serial_shops, kennysheep_mini
D:10:     minmay_distorted_concentric_squares, kennysheep_big_empty_room
D:11:     david_lair_generic, uniq_harold, uniq_maurice, uniq_nergalle,
          uniq_urug
D:12:     orc_0_dummy, lab_entry_generic, serial_shops, shop,
          minmay_gold_behind_fungi, minmay_the_grid_triangle_9x9_rhombus_full,
          uniq_frances
D:13:     david_defended_altar_elf
D:14:     david_vaults_1, serial_bayou, serial_bayou_ford_a,
          serial_bayou_lake_a, serial_bayou_pond_c, serial_bayou_pond_b,
          spider_trap, minmay_stone_trees_medium, uniq_josephine
D:15:     grunt_enter_depths_snipers, hangedman_decor_riveting, uniq_kirke
Temple:   dpeg_three_leaves_temple
Lair:1:   small_statue_intersection, lemuel_fruit_tree, grunt_megastairs_5
Lair:2:   elwin_shoals_entry_rooms, st_stairs_11, beast_lair_carwin_1,
          infiniplex_staircase_pool_2, uniq_sonja
Lair:3:   minmay_lair_venomous_thicket, grunt_megastairs_1
Lair:4:   nicolae_spider_entry_tight_spaces, portal_ice_cave_entry_ice_beasts,
          infiniplex_staircase_pool
Lair:5:   beast_lair_carwin_large_3, basic_altar
Lair:6:   hangedman_lair_caniforms_friends, slime_altar_1
Shoals:2: nicolae_shoals_aquamancer_cove, uniq_polyphemus
Shoals:4: shoals_end_grunt_ice, shoals_ilsuiw_ice
Spider:2: uniq_arachne
Spider:4: grunt_spider_rune_island, spider_trap, uniq_mara
Orc:1:    serial_shops, nicolae_shop_waterfront
Orc:2:    st_orc_rangers, okawaru_metal_pillars_1_2
Elf:1:    kennysheep_underground_church
Elf:2:    portal_desolation_entry_salt
Elf:3:    grunt_elf_hall_spiral, serial_sigils_hangedman_snap
Vaults:1: vaults_dpeg_diagonal, vaults_mumra_chevron_long,
          nicolae_vaults_network_barrier, hangedman_vaults_cutoff,
          v_alt_pattern_6, v_misc_10, st_lines, hangedman_vaults_nails,
          nicolae_vaults_diagonal_hallway_9, v_misc_19, ontoclasm_vaults_chip,
          v_misc_14, serial_shops, bzr_entry_customers,
          nicolae_shop_behind_doors
Vaults:2: v_misc_23, vaults_room_grid, v_misc_26, special_room_vaults,
          nicolae_vaults_border_crossing, serial_ice_g,
          hangedman_vaults_capsules, nicolae_vaults_hallways_thing,
          vaults_standard_mumra_lines, vaults_room_pools, v_misc_4,
          grunt_vaults_hallway_long, v_pattern_4,
          nicolae_vaults_little_squares_2
Vaults:3: v_alt_pattern_6, ontoclasm_vaults_ring_square,
          minmay_crypt_entry_simple_round, nicolae_vaults_angled_halls,
          vaults_room_fancy_cross, grunt_vaults_funnel, ontoclasm_vaults_pinch,
          nicolae_vaults_little_squares_3, v_misc_16, serial_shops,
          nicolae_shop_statue_plus
Vaults:4: nicolae_vaults_theta, hangedman_vaults_locks,
          nicolae_vaults_diagonal_hallway_6, nicolae_vaults_network_s,
          nicolae_vaults_little_squares_4, ontoclasm_vaults_chip,
          grunt_vaults_hallway_long, v_misc_29, nicolae_vaults_little_squares_4,
          ontoclasm_vaults_idyll, hangedman_vaults_pinch,
          nicolae_vaults_alarming, uniq_donald
Crypt:1:  serial_co_window_serial, co_window_paths_b,
          co_window_of_opportunity_a, co_window_of_opportunity_a,
          co_window_paths_a, co_window_corner_a, co_window_2corner,
          co_window_corner_cb, co_window_corner_b, glass_columns_a,
          glass_columns_a, glass_columns_b, glass_columns_c, glass_columns_b
Crypt:2:  corexii_leaking_fountain, grunt_megastairs_2, lemuel_elevator,
          uniq_margery
Crypt:3:  evilmike_haunted_forest
Depths:1: minmay_misc_feat_plants, pf_vacation_house_of_asmodeus, st_stairs_10,
          minmay_strange_pillars, aerie_lemuel
Depths:2: grunt_runaround, serial_shops, hell_entry, uniq_asterion, uniq_jorgrun
Depths:3: evilmike_negative_zone, enter_ziggurat_b, minmay_hedge_maze,
          rand_demon_pan_entry_7, grunt_hell_entry_dis_mu, mu_enter_wizlab_3
Depths:4: minmay_open_boxes_in_corner, abyss_entry, special_room,
          pf_coc_iceberg, hangedman_decor_cross_pass, serial_bayou_crossing,
          uniq_enchantress
Depths:5: evilmike_zot_entry_diamond, serial_sigils_hangedman_shear,
          enter_trove_3, pf_hell_entry_tar_spiral, basic_stair_grate_trap,
          uniq_saint_roka
Lab:      labyrinth_watery, nicolae_lab_swirl, nicolae_lab_big_swirl, lab_hedge
Bazaar:   bazaar_minmay_generic_island
Trove:    trove_misc_throne_room
Sewer:    sewer_co_tree
IceCv:    ice_cave_small_demon
WizLab:   wizlab_doroklohe

Skill      XL: |  1  2  3  4  5  6  7  8  9 10 11 12 13 14 15 16 17 18 19 20 21 22 23 24 25 26 27 |
---------------+----------------------------------------------------------------------------------+-----
Unarmed Combat | 1 2 3 5 7 9 11 13 15 16 18 21 22 23 27 | 27.0
Fighting       | 2 3 4 7 8 10 11 13 14 15 18 | 18.0
Dodging        | 2 3 4 8 9 10 11 12 15 | 15.1
Throwing       | 5 7 9 10 16 | 16.5
Shields        | 1 7 10 11 12 14 15 | 15.1
Armour         | 7 8 10 11 12 15 16 18 | 18.0
Evocations     | 5 7 8 15 | 15.8
Stealth        | |  0.3

Action                   |  1- 3 |  4- 6 |  7- 9 | 10-12 | 13-15 | 16-18 | 19-21 | 22-24 | 25-27 || total
-------------------------+-------+-------+-------+-------+-------+-------+-------+-------+-------++-------
Melee: Short sword       |    10 |       |       |       |       |       |       |       |       ||    10
       Unarmed           |    94 |   123 |   289 |   769 |  2118 |  2360 |  1850 |  2096 |  2686 || 12385
       Punch             |       |     2 |    10 |    11 |       |       |       |       |       ||    23
       Headbutt          |       |       |    19 |   143 |   464 |   447 |   451 |   531 |   771 ||  2826
Throw: Large rock        |       |       |     6 |    17 |       |    14 |    23 |     8 |       ||    68
       Throwing net      |       |       |     1 |    11 |       |     2 |       |       |       ||    14
       Tomahawk          |       |       |     5 |       |       |       |       |       |       ||     5
       Javelin           |       |       |       |     8 |       |       |    14 |       |       ||    22
Invok: Heavenly Storm    |       |       |       |       |     1 |       |       |       |       ||     1
Evoke: Wand              |       |       |     1 |    14 |    21 |    15 |    18 |       |    11 ||    80
       Fan of gales      |       |       |       |       |     1 |       |       |       |     1 ||     2
       Lamp of fire      |       |       |       |       |       |     1 |     1 |       |     1 ||     3
       Box of beasts     |       |       |       |       |       |       |     1 |       |    19 ||    20
       Sack of spiders   |       |       |       |       |       |       |       |       |     1 ||     1
       Phantom mirror    |       |       |       |       |       |       |       |       |     2 ||     2
       Phial of floods   |       |       |       |       |       |       |       |       |     1 ||     1
  Use: Scroll            |       |     8 |     6 |    23 |    10 |    10 |    13 |    16 |    26 ||   112
       Potion            |       |       |     1 |     4 |     4 |       |     8 |     1 |    22 ||    40
 Stab: Sleeping          |     2 |     1 |       |     1 |       |       |       |       |       ||     4
       Paralysed         |       |     2 |       |     5 |       |       |       |       |       ||     7
       Invisible         |       |     1 |       |       |       |       |       |       |       ||     1
       Held in net/web   |       |       |     1 |       |       |       |       |       |       ||     1
       Distracted        |       |       |       |     1 |       |       |       |       |     4 ||     5
       Confused          |       |       |       |       |     1 |       |       |       |       ||     1
       Petrified         |       |       |       |       |       |     3 |       |       |       ||     3
  Eat: Chunk             |     9 |    11 |    42 |    64 |   101 |   102 |    65 |    88 |    40 ||   522
       Fruit             |       |       |     4 |       |     8 |    11 |       |     4 |    19 ||    46
       Royal jelly       |       |       |     1 |     4 |       |     4 |       |     5 |     8 ||    22
       Bread ration      |       |       |     1 |       |       |       |       |       |     2 ||     3
       Meat ration       |       |       |       |       |       |       |       |       |    11 ||    11
Armor: Robe              |    51 |    33 |    48 |    45 |       |       |       |       |       ||   177
       Storm dragon scal |       |       |       |    31 |    68 |       |       |       |       ||    99
       Gold dragon scale |       |       |       |       |   666 |   857 |   339 |   261 |   331 ||  2454
       Skin              |       |       |       |       |       |       |       |       |    34 ||    34
Dodge: Dodged            |    56 |    49 |   158 |   263 |   445 |   407 |   307 |   303 |   251 ||  2239
Block: Large shield      |       |       |       |   419 |  2166 |  2390 |  1466 |  1539 |  1988 ||  9968
       Reflection        |       |       |       |       |       |   158 |    83 |   146 |    94 ||   481
